 Dungeon Crawl Stone Soup version 0.29.0-4-gdea44cf6ec (webtiles) character file.

Game seed: 8041989713182966645

16 qw the Chopper (level 2, 0/26 HPs)
             Began as a Minotaur Berserker on Sept 6, 2022.
             Was a Follower of Trog.
             Succumbed to their own poison gas
             ... on level 1 of the Dungeon.
             The game lasted 00:00:13 (635 turns).

qw the Chopper (Minotaur Berserker)                  Turns: 635, Time: 00:00:14

Health: 0/26       AC:  3    Str: 21    XL:     2   Next: 41%
Magic:  1/1        EV: 11    Int:  4    God:    Trog [*.....]
Gold:   51         SH:  5    Dex:  9    Spells: 1/1 levels left

rFire   . . .      SeeInvis .   Y - +0 hand axe
rCold   . . .      Faith    .   (no shield)
rNeg    . . .      Spirit   .   k - +0 leather armour
rPois   .          Reflect  +   (helmet restricted)
rElec   .          Harm     .   (no cloak)
rCorr   .          Rampage  .   (no gloves)
Will    .....                   (no boots)
Stlth   +.........              c - amulet of reflection
HPRegen 0.08/turn               (no ring)
MPRegen 0.07/turn               (no ring)

@: lethally poisoned (0 -> -3)
A: horns 2, retaliatory headbutt
a: Renounce Religion, Berserk


You were on level 1 of the Dungeon.
You worshipped Trog.
Trog was aware of your devotion.
You visited 1 branch of the dungeon, and saw 1 of its levels.

You collected 51 gold pieces.


Innate Abilities, Weirdness & Mutations

You have a pair of horns on your head.
You reflexively headbutt those who attack you in melee.


   Skills:
 - Level 3.6 Fighting
 + Level 4.7 Axes
 - Level 2.4 Armour
 - Level 2.1 Dodging


You had one spell level left.
You didn't know any spells.
Your spell library was empty.

Inventory:

Hand Weapons
 e - a +0 club
 Y - a +0 hand axe (weapon)
Armour
 k - a +0 leather armour (worn)
Jewellery
 c - an amulet of reflection (around neck)
Scrolls
 i - a scroll of identify
Potions
 d - a potion of ambrosia {unknown}
 f - a potion of flight {unknown}
 g - a potion of heal wounds {unknown}
 j - a potion of attraction {unknown}

Dungeon Overview and Level Annotations

Branches:
Dungeon (1/15)

Altars:


Message History

The air fills with toxic fumes!
As you read the scroll labelled NUPLAHO TATALI, it crumbles to dust.
It was a scroll of poison.
Done exploring.
624 ||| READING 2 scrolls labelled ERIEPU BOJITZO.
As you read the scroll labelled ERIEPU BOJITZO, it crumbles to dust.
It is a scroll of identify.
Really abort (and waste the scroll)?
Done exploring.
625 ||| DROPPING scroll of poison.
You drop a scroll of poison.
Done exploring.
(D) Dungeon
Where to? (* - list waypoints, ? - help)
What level of the Dungeon? (default 1, ? - help) Sorry, I don't know how to get there.
Done exploring.
626 ||| Stepping randomly (stuck).
Really walk into that cloud of poison gas?
You are engulfed in poison gas.
You are poisoned.
You feel very sick.
627 ||| Stepping ~*~*~tactically~*~*~ (cloud).
You feel very sick.
Things that are here:
a scroll of poison; a +0 animal skin
There is a lethal amount of poison in your body!
You feel very sick.
There is a lethal amount of poison in your body!
You feel very sick.
There is a lethal amount of poison in your body!
You feel sick.
There is a lethal amount of poison in your body!
You feel sick.
There is a lethal amount of poison in your body!
You feel sick.
There is a lethal amount of poison in your body!
You feel sick.
There is a lethal amount of poison in your body!
You feel sick.
There is a lethal amount of poison in your body!
You die...

############### #@¤¤.¤00¤.....#
#¤#####.......# ##
#######¤#####.......####
.#########.....¤0¤...............
.#.....).#.#####0#####.......####
...#####%....###¤# #.......# ...#
#.......#0# #.......# .#.#
#.......#.########.##.# .#.#
#..............###.##.#


There were no monsters in sight!

Vanquished Creatures
  An endoplasm (D:1)
  2 giant cockroaches (D:1)
  2 goblins (D:1)
  2 hobgoblins (D:1)
  A kobold (D:1)
  2 quokkas (D:1)
  2 ball pythons (D:1)
  A frilled lizard (D:1)
  A rat (D:1)
14 creatures vanquished.

Notes
Turn   | Place    | Note
-------+----------+-------------------------------------------
     0 | D:1      | qw the Minotaur Berserker began the quest for the Orb.
     0 | D:1      | Reached XP level 1. HP: 19/19 MP: 0/0
     0 | D:1      | 0 ||| qw: Version: 0.1-a-107-g9ff403c
     0 | D:1      | 0 ||| qw: Game counter: 6051
     0 | D:1      | 0 ||| qw: Always use a shield: true
     0 | D:1      | 0 ||| qw: Do Orc after D:15 true
     0 | D:1      | 0 ||| qw: Do second Lair branch before Depths: true
     0 | D:1      | 0 ||| qw: Lair rune preference: random
     0 | D:1      | 0 ||| qw: Plans: Normal
     0 | D:1      | 0 ||| PLANNING D:1-11
   116 | D:1      | Reached skill level 4 in Axes
   199 | D:1      | Reached XP level 2. HP: 24/26 MP: 1/1
   249 | D:1      | Found a faded altar of an unknown god.
   607 | D:1      | 607 ||| UPGRADING to +0 leather armour.
   617 | D:1      | 617 ||| DROPPING +0 animal skin.
   618 | D:1      | 618 ||| UPGRADING to amulet of reflection.
   623 | D:1      | 623 ||| READING 2 scrolls labelled NUPLAHO TATALI.
   624 | D:1      | 624 ||| READING 2 scrolls labelled ERIEPU BOJITZO.
   625 | D:1      | 625 ||| DROPPING scroll of poison.
   626 | D:1      | 626 ||| Stepping randomly (stuck).
   627 | D:1      | 627 ||| Stepping ~*~*~tactically~*~*~ (cloud).
   630 | D:1      | HP: 5/26 [poisoned by you (poison gas)]
   633 | D:1      | HP: 2/26 [poisoned by you (poison gas)]
   635 | D:1      | Succumbed to their own poison gas

Levels and vault maps discovered:
D:1:      eino_arrival_water_cross, layout_loops_ring,
          chequers_ecumenical_altar_simple_redux

Skill      XL: |  1 |
---------------+----+-----
Axes           | 4 |  4.7
Fighting       | |  3.6
Armour         | |  2.4
Dodging        | |  2.1

Action                   || total
-------------------------++-------
Melee: Hand axe          ||    22
       Headbutt          ||     3
       Punch             ||     1
  Use: Scroll            ||     2
Armor: Animal skin       ||     3
Dodge: Dodged            ||     9

Table legend:
 A = Non-vault XP
 B = Vault XP
 C = Vault XP percentage of total XP
 D = Non-vault monster count
 E = Vault monster count
 F = Vault count percentage of total count
                 A         B        C        D         E       F
            +---------+---------+-------+---------+---------+-------
      Total |      24 |       0 |   0.0 |      14 |       0 |   0.0
            +---------+---------+-------+---------+---------+-------
        D:1 |      24 |       0 |   0.0 |      14 |       0 |   0.0
            +---------+---------+-------+---------+---------+-------
